 Dungeon Crawl Stone Soup version 0.21.1-1-g345015fe64 (webtiles) character file.

734 McKennaii the Magician (level 7, -9/38 HPs)
             Began as a Deep Elf Ice Elementalist on June 8, 2018.
             Mangled by an ice beast (13 damage)
             ... on level 5 of the Dungeon.
             The game lasted 00:11:54 (5427 turns).

McKennaii the Magician (Deep Elf Ice Elementalist)  Turns: 5427, Time: 00:11:56

Health: -9/38      AC:  3    Str:  5    XL:     7   Next: 45%
Magic:  14/20      EV: 13    Int: 22    God:
Gold:   195        SH:  0    Dex: 15    Spells: 7/21 levels left

rFire    + . .     SeeInvis .   d - +0 dagger
rCold    . . .     Gourm    .   (no shield)
rNeg     . . .     Faith    .   a - +0 robe
rPois    .         Spirit   .   j - +0 helmet
rElec    .         Reflect  .   (no cloak)
rCorr    .         Harm     .   (no gloves)
MR       .....                  (no boots)
Stlth    +++.......             (no amulet)
HPRegen  0.12/turn              n - ring of protection from fire
MPRegen  0.17/turn              A - ring of wizardry

@: no status effects
A: no striking features
a: no special abilities


You were on level 5 of the Dungeon.
You were very hungry.

You visited 1 branch of the dungeon, and saw 5 of its levels.

You collected 195 gold pieces.

Inventory:

Hand Weapons
 d - a +0 dagger (weapon)
Armour
 a - a +0 robe (worn)
 j - a +0 helmet (worn)
Jewellery
 n - a ring of protection from fire (left hand)
 p - an uncursed ring of positive energy
 A - a ring of wizardry (right hand)
Wands
 t - a wand of iceblast (6)
 x - a wand of random effects (12)
Scrolls
 h - 6 scrolls of identify
 k - 3 scrolls of amnesia
 l - 2 scrolls of teleportation {unknown}
 o - a scroll of enchant armour {unknown}
 q - a scroll of noise {unknown}
 r - a scroll of enchant weapon {unknown}
 s - 2 scrolls of immolation {unknown}
 w - 3 scrolls of blinking {unknown}
 y - a scroll of remove curse {unknown}
Potions
 e - a potion of brilliance
 f - a potion of lignification {unknown}
 g - a potion of berserk rage
 i - a potion of flight {unknown}
 m - a potion of cancellation {unknown}
 u - a potion of magic {unknown}
 v - 2 potions of might {unknown}
 z - a potion of degeneration {unknown}
Books
 b - a book of Frost

   Spells                             Type                      Level
   a - Freeze                         Ice                          1
   b - Throw Frost                    Conjuration/Ice              2
   c - Ozocubu's Armour               Charms/Ice                   3
   d - Throw Icicle                   Conjuration/Ice              4
   e - Summon Ice Beast               Ice/Summoning                4
Comestibles
 c - 9 rations


   Skills:
 + Level 1.1 Fighting
 + Level 1.3 Short Blades
 - Level 2.4 Dodging
 * Level 4.0 Stealth
 * Level 7.8 Spellcasting
 + Level 1.7 Conjurations
 * Level 1.6 Summonings
 * Level 5.8 Ice Magic


You had 7 spell levels left.
You knew the following spells:

 Your Spells              Type           Power        Failure   Level  Hunger
a - Freeze                Ice            ####         1%          1    None
b - Throw Frost           Conj/Ice       ####..       1%          2    None
c - Ozocubu's Armour      Chrm/Ice       ###.....     2%          3    None
d - Summon Ice Beast      Ice/Summ       ####....     6%          4    ###....
e - Throw Icicle          Conj/Ice       ####....     6%          4    ###....


Dungeon Overview and Level Annotations

Branches:
Dungeon (5/15)
 Temple: D:4-7

Altars:
Gozag
Kikubaaqudgha
Makhleb
Nemelex Xobeh
Yredelemnul
Zin

Annotations:
D:4 2 transporters, Grinder, Menkaure


Message History

Your ice beast completely misses the ice beast.
Your ice beast disappears in a puff of smoke!
You hit the ice beast but do no damage.
The ice beast is severely wounded.
The ice beast hits you. The ice beast freezes you!
You hit the ice beast but do no damage.
The ice beast is severely wounded.
The ice beast hits you but does no damage.
You hit the ice beast but do no damage.
The ice beast is severely wounded.
The ice beast hits you. The ice beast freezes you!
* * * LOW HITPOINT WARNING * * *
Casting: Summon Ice Beast
Confirm with . or Enter, or press ? or * to list all spells.
A chill wind blows around you.
You are feeling very hungry.
The ice beast hits you.
* * * LOW HITPOINT WARNING * * *
The ice beast freezes you!
You die...

#...### #.#########
#.....# #.......# #
#..##.# #######.###
#..##.# #.....#.##.
#..##.# #.##....##.
#..##.####...######.
#..##.#......# #.
#...#.#.##.(.# #.
##Y@#.. #...# ##
#..Y..### #...#
#####.# #...#######
#.# #.........# #.#
#.........#
..#########......#
####.............+
#.######......#
#......#


You could see an ice beast and a friendly ice beast.

Vanquished Creatures
  An ogre (D:4)
  A bullfrog (D:3)
  A bullfrog zombie (D:5)
  A hound (D:5)
  An orc wizard (D:4)
  An orc priest (D:3)
  Ijyb (D:3)
  2 iguanas
  3 gnolls (D:2)
  6 adders
  A shadow imp (D:5)
  2 oozes
  An adder skeleton (D:4)
  A dart slug (D:4)
  2 leopard geckos
  9 orcs
  3 giant cockroaches
  10 goblins
  4 hobgoblins
  13 jackals
  3 quokkas
  6 bats
  9 frilled lizards
  7 kobolds
  A leopard gecko skeleton (D:5)
  6 rats
96 creatures vanquished.

Vanquished Creatures (collateral kills)
  Sigmund (D:4)
  An ogre (D:4)
  An orc priest (D:4)
  A gnoll (D:4)
  An adder (D:3)
  A shadow imp (D:5)
  A leopard gecko (D:4)
  An orc (D:3)
  A goblin (D:3)
  3 jackals
  A quokka (D:4)
  A bat (D:3)
  A leopard gecko skeleton (D:4)
15 creatures vanquished.

Grand Total: 111 creatures vanquished

Notes
Turn   | Place    | Note
-------+----------+-------------------------------------------
     0 | D:1      | McKennaii the Deep Elf Ice Elementalist began the quest for the Orb.
     0 | D:1      | Reached XP level 1. HP: 10/10 MP: 6/6
   269 | D:1      | Reached XP level 2. HP: 3/15 MP: 0/8
   811 | D:2      | Reached XP level 3. HP: 12/19 MP: 6/10
   853 | D:2      | Reached skill level 4 in Spellcasting
   879 | D:2      | Learned a level 2 spell: Throw Frost
   892 | D:2      | Learned a level 3 spell: Ozocubu's Armour
  1135 | D:2      | Reached XP level 4. HP: 24/24 MP: 10/12
  1888 | D:3      | Reached skill level 5 in Spellcasting
  1932 | D:3      | Noticed a bullfrog
  1942 | D:3      | Killed a bullfrog
  1942 | D:3      | Reached XP level 5. HP: 23/28 MP: 10/15
  2000 | D:3      | Learned a level 4 spell: Summon Ice Beast
  2200 | D:3      | Reached skill level 5 in Ice Magic
  2346 | D:3      | Noticed Ijyb
  2350 | D:3      | Killed Ijyb
  2350 | D:3      | Reached skill level 6 in Spellcasting
  2354 | D:3      | Found a sparkling altar of Nemelex Xobeh.
  2354 | D:3      | Found an opulent altar of Gozag.
  2482 | D:3      | Reached XP level 6. HP: 30/33 MP: 11/17
  2792 | D:4      | Found a burning altar of Makhleb.
  2795 | D:4      | Found a glowing silver altar of Zin.
  2795 | D:4      | Noticed an angel
  2796 | D:4      | Noticed a cacodemon
  3296 | D:4      | Found a transporter.
  3297 | D:4      | Found a transporter.
  3319 | D:4      | Noticed Sigmund
  3361 | D:4      | Killed Sigmund
  3361 | D:4      | Reached skill level 1 in Summonings
  3500 | D:4      | Noticed Menkaure
  3501 | D:4      | Found a basalt altar of Yredelemnul.
  3501 | D:4      | Found an ancient bone altar of Kikubaaqudgha.
  3501 | D:4      | Noticed Grinder
  3661 | D:4      | Reached skill level 7 in Spellcasting
  3708 | D:4      | Reached XP level 7. HP: 34/37 MP: 5/19
  3714 | D:4      | Learned a level 4 spell: Throw Icicle
  4539 | D:5      | Entered Level 5 of the Dungeon
  4710 | D:5      | Reached skill level 1 in Fighting
  5141 | D:5      | Reached skill level 1 in Short Blades
  5427 | D:5      | Mangled by an ice beast

Skill      XL: |  1  2  3  4  5  6  7 |
---------------+----------------------+-----
Ice Magic      | 4 5 |  5.8
Spellcasting   | 4 5 6 7 |  7.8
Stealth        | 3 4 |  4.0
Summonings     | 1 |  1.6
Fighting       | 1 |  1.1
Short Blades   | 1 |  1.3
Dodging        | |  2.4
Conjurations   | |  1.7

Action                   |  1- 3 |  4- 6 |  7- 9 || total
-------------------------+-------+-------+-------++-------
Melee: Dagger            |    12 |    34 |    34 ||    80
 Cast: Freeze            |    36 |    40 |    25 ||   101
       Throw Frost       |       |    70 |    12 ||    82
       Summon Ice Beast  |       |     6 |     6 ||    12
  Use: Potion            |     3 |       |     1 ||     4
       Scroll            |       |       |     1 ||     1
 Stab: Sleeping          |     6 |     5 |     1 ||    12
       Distracted        |       |       |     1 ||     1
  Eat: Chunk             |       |     9 |     5 ||    14
Armor: Robe              |     3 |    11 |     8 ||    22
Dodge: Dodged            |    24 |    62 |    26 ||   112
